 Dungeon Crawl Stone Soup version 0.22.1-2-g9c5b331 (webtiles) character file.

1515 WarriorsX the Cleaver (level 9, -10/74 HPs)
             Began as a Human Berserker on Dec 12, 2018.
             Was a Believer of Trog.
             Killed by divine providence
             ... invoked by an orc priest
              (12 damage)
             ... on level 6 of the Dungeon.
             The game lasted 00:12:52 (6432 turns).

WarriorsX the Cleaver (Human Berserker)             Turns: 6432, Time: 00:12:53

Health: -10/74     AC:  5    Str: 21    XL:     9   Next: 9%
Magic:  9/9        EV:  8    Int:  7    God:    Trog [**....]
Gold:   260        SH:  0    Dex: 13    Spells: 8/8 levels left

rFire    . . .     SeeInvis .   a - +0 hand axe
rCold    . . .     Gourm    .   (no shield)
rNeg     . . .     Faith    .   l - +0 chain mail
rPois    .         Spirit   .   (no helmet)
rElec    .         Reflect  .   (no cloak)
rCorr    .         Harm     .   (no gloves)
MR       +....                  (no boots)
Stlth    ..........             (no amulet)
HPRegen  0.22/turn              e - ring of protection from magic
MPRegen  0.11/turn              p - -3 ring of protection (curse)

@: berserk cooldown, slowed, very slow
A: no striking features
a: Berserk, Trog's Hand, Renounce Religion


You were on level 6 of the Dungeon.
You worshipped Trog.
Trog was pleased with you.
You were very hungry.

You visited 1 branch of the dungeon, and saw 6 of its levels.

You collected 260 gold pieces.

Inventory:

Hand Weapons
 a - a +0 hand axe (weapon)
 f - a +6 flail of crushing
Armour
 l - a +0 chain mail (worn)
 s - a +0 ring mail of cold resistance
Jewellery
 e - a ring of protection from magic (left hand)
 p - a cursed -3 ring of protection (right hand)
Wands
 q - a wand of enslavement (2)
Scrolls
 d - a scroll of fog
 j - 3 scrolls of remove curse
 k - 6 scrolls of identify
Potions
 b - a potion of might
 g - a potion of curing
Comestibles
 c - 5 rations
 h - 3 chunks of flesh


   Skills:
 + Level 8.1 Fighting
 - Level 8.2 Axes
 - Level 2.0 Armour
 - Level 2.0 Dodging


You had 8 spell levels left.
You didn't know any spells.
Your spell library was empty.

Dungeon Overview and Level Annotations

Branches:
Dungeon (6/15)
 Temple: D:4-7

Altars:
Elyvilon
Fedhas
Kikubaaqudgha
Nemelex Xobeh
Okawaru
Sif Muna
Trog
Uskayaw
Wu Jian
Yredelemnul
Zin


Message History

The orc wizard hits you but does no damage.
The orc hits you but does no damage.
The orc wizard gestures at you while chanting.
The puff of flame hits you!
* * * LOW HITPOINT WARNING * * *
The orc hits you from afar with a trident.
* * * LOW HITPOINT WARNING * * *
The orc wizard hits you with a dagger.
* * * LOW HITPOINT WARNING * * *
The orc barely misses you.
The orc wizard hits you but does no damage.
The orc hits you from afar with a trident.
* * * LOW HITPOINT WARNING * * *
The orc wizard hits you but does no damage.
The orc hits you from afar with a trident.
* * * LOW HITPOINT WARNING * * *
There is a stone staircase leading up, spattered with blood here.
The orc priest mumbles some strange prayers to Beogh against you.
Beogh smites you!
You die...

## #.. . #.# #.#
#.###.####
##......[>###
#...........#
###.........#.#
#..@o.......#.######
#.#.o...............
# #..o........####..
#...........# #.#
#..##)##.#..# ##.#
#..##)##.#..###..#
#..##.##.#........
#......o...#....#...
###............#.#..


You could see an orc priest, an orc wizard and an orc.

Vanquished Creatures
  Sigmund (D:3)
  Eustachio (D:6)
  Edmund (D:4)
  A phantom (D:6)
  4 ogres
  A centaur (D:5)
  A bullfrog (D:4)
  A jelly (D:5)
  2 hounds (D:4)
  A bullfrog skeleton (D:4)
  2 orc priests (D:4)
  Ijyb (D:3)
  Terence (D:2)
  3 orc wizards
  3 worker ants
  A hound zombie (D:5)
  3 adders (D:2)
  A shadow imp (D:5)
  An ooze (D:4)
  3 worms
  3 dart slugs
  6 leopard geckos
  8 orcs
  2 giant cockroaches
  5 goblins
  6 hobgoblins
  4 jackals (D:4)
  6 kobolds
  2 quokkas
  7 bats
  6 frilled lizards
  6 rats
94 creatures vanquished.

Notes
Turn   | Place    | Note
-------+----------+-------------------------------------------
     0 | D:1      | WarriorsX the Human Berserker began the quest for the Orb.
     0 | D:1      | Reached XP level 1. HP: 18/18 MP: 1/1
    95 | D:1      | Reached XP level 2. HP: 22/24 MP: 2/2
   381 | D:1      | Reached XP level 3. HP: 5/30 MP: 3/3
   756 | D:2      | Noticed Terence
   774 | D:2      | Killed Terence
   838 | D:2      | Reached XP level 4. HP: 38/38 MP: 4/4
   940 | D:2      | Found a deep blue altar of Sif Muna.
   983 | D:2      | Reached skill level 5 in Fighting
  1180 | D:2      | Found a white marble altar of Elyvilon.
  1472 | D:2      | Found a glowing silver altar of Zin.
  1621 | D:3      | Noticed Ijyb
  1661 | D:3      | Killed Ijyb
  1661 | D:3      | Reached XP level 5. HP: 38/44 MP: 5/5
  1707 | D:3      | Reached ** piety under Trog
  1892 | D:3      | Noticed Sigmund
  1919 | D:3      | Killed Sigmund
  1919 | D:3      | Reached XP level 6. HP: 38/53 MP: 6/6
  2453 | D:4      | Found an ornate altar of the Wu Jian Council.
  2520 | D:4      | Found a bloodstained altar of Trog.
  2524 | D:4      | Found a hide-covered altar of Uskayaw.
  2524 | D:4      | Found an ancient bone altar of Kikubaaqudgha.
  2527 | D:4      | Found a blossoming altar of Fedhas.
  2547 | D:4      | Reached XP level 7. HP: 44/60 MP: 7/7
  2690 | D:4      | Found a basalt altar of Yredelemnul.
  2956 | D:4      | Reached skill level 5 in Axes
  3530 | D:4      | Noticed Edmund
  3546 | D:4      | Killed Edmund
  3546 | D:4      | Reached XP level 8. HP: 67/67 MP: 8/8
  4095 | D:5      | Entered Level 5 of the Dungeon
  5013 | D:5      | Found a sparkling altar of Nemelex Xobeh.
  6306 | D:6      | Found an iron altar of Okawaru.
  6309 | D:6      | Noticed Eustachio
  6351 | D:6      | Killed Eustachio
  6351 | D:6      | Reached XP level 9. HP: 54/74 MP: 9/9
  6431 | D:6      | HP: 3/74 [orc/trident (2)]
  6431 | D:6      | HP: 1/74 [orc/trident (2)]
  6432 | D:6      | Killed from afar by an orc priest

Skill      XL: |  1  2  3  4  5  6  7  8 |
---------------+-------------------------+-----
Fighting       | 4 5 6 7 8 |  8.1
Axes           | 6 8 |  8.2
Armour         | |  2.0
Dodging        | |  2.0

Action                   |  1- 3 |  4- 6 |  7- 9 || total
-------------------------+-------+-------+-------++-------
Melee: Hand axe          |    60 |   180 |   234 ||   474
Invok: Berserk           |     2 |     1 |     9 ||    12
       Trog's Hand       |       |       |     2 ||     2
  Use: Scroll            |       |     7 |       ||     7
       Potion            |       |     4 |       ||     4
 Stab: Sleeping          |     1 |       |       ||     1
  Eat: Chunk             |     1 |     7 |    17 ||    25
       Ration            |       |       |     1 ||     1
Armor: Animal skin       |    11 |       |       ||    11
       Chain mail        |     3 |    91 |    66 ||   160
Dodge: Dodged            |    32 |    85 |    88 ||   205
